 Dungeon Crawl Stone Soup version 0.31-a0-836-g3ceb0a68c4 (webtiles) character file.

Game seed: 8326669779650005041

188 demibob the Ruffian (level 5, -8/45 HPs)
             Began as a Draconian Chaos Knight on Sept 26, 2023.
             Was a Plaything of Xom.
             Mangled by an ice devil (14 damage)
             ... summoned by Xom
             ... on level 4 of the Dungeon.
             The game lasted 00:04:05 (2433 turns).

demibob the Ruffian (Draconian Chaos Knight)        Turns: 2433, Time: 00:04:07

Health: -8/45      AC: 10    Str: 13    XL:     5   Next: 39%
Magic:  5/5        EV: 12    Int: 14    God:    Xom [......]
Gold:   89         SH:  0    Dex: 10    Spells: 4/4 levels left

rFire   x .          .
                       - Unarmed
rCold   . . .        (no shield)
rNeg    . . .        (body armour unavailable)
rPois   +            (helmet restricted)
rElec   .            c - +0 cloak
rCorr   .            b - +2 pair of gloves
SInv    .            h - +0 pair of boots
Will    .....        (no amulet)
Stlth   +            P - ring of poison resistance
HPRegen 0.27/turn    (no ring)
MPRegen 0.09/turn

%: no passive effects
@: mighty, slowed, very slow
A: AC +5, unfitting armour, cold-blooded, weak 1, heat vulnerability 1
a: Renounce Religion


You were on level 4 of the Dungeon.
You worshipped Xom.
You were a very special plaything of Xom.
You visited 1 branch of the dungeon, and saw 4 of its levels.

You collected 188 gold pieces.
You spent 99 gold pieces at shops.


Innate Abilities, Weirdness & Mutations

Your plain brown scales are hard. (AC +5)
You cannot fit into any form of body armour.
You are cold-blooded and may be slowed by cold attacks.
You are weak. (Str -2)
You are vulnerable to heat. (rF-)


   Skills:
 - Level 3.2 Fighting
 - Level 2.1 Dodging
 + Level 6.2 Unarmed Combat


You had 4 spell levels left.
You didn't know any spells.
Your spell library contained the following spells:

 Spells                   Type           Power      Damage    Failure   Level
 Sublimation of Blood     Necr           0%         N/A       41%         2
 Petrify                  Tmut/Erth      0%         N/A       96%         4
 Irradiate                Conj/Tmut      0%         3d11      100%        5

Inventory:

Armour
 b - a +2 pair of gloves (worn)
 c - a +0 cloak (worn)
 h - a +0 pair of boots (worn)
Jewellery
 P - a ring of poison resistance (left hand)
Scrolls
 l - a scroll of poison
Potions
 e - 3 potions of curing {@q1}
 f - a potion of enlightenment {unknown}
 g - 2 potions of attraction {unknown}
 i - a potion of berserk rage {!q}
 m - a potion of haste {unknown}

Dungeon Overview and Level Annotations

Branches:
Dungeon (4/15)
 Temple: D:4-7

Altars:
Zin

Shops:
D:3 ((!

Annotations:
D:4 Grinder

#..........#
#..........+
#..........#
#.........=#
#..........#
#..........#
#..55......#
####4##.##+#
#. ####
#@##.##
###.##...
#.....#
.........
#.....#
.........
#.....#
.........
#....##
.........
#....#
.........
#....+
.........
#....#
##......
#....#
#.....†


You could see an ice devil (summoned), a quasit (summoned) and a white imp
(summoned).


Message History

You hit the adder.
You kill the adder!
The scorpion attacks as it pursues you! The scorpion closely misses you.
The scorpion attacks as it pursues you! The scorpion stings you.
You feel very mighty all of a sudden.
The scorpion stings you but does no damage.
You punch the scorpion!
The scorpion is almost dead.
The scorpion stings you but does no damage.
The scorpion misses you.
You hit the scorpion.
You kill the scorpion!
Your Unarmed Combat skill increases to level 6!
You have reached level 5!
You hit the ice devil.
You tail-slap the ice devil, but do no damage.
The ice devil is lightly wounded.
The ice devil hits you! The ice devil freezes you!
You feel yourself slow down.
* * * LOW HITPOINT WARNING * * *
You are too injured to fight recklessly!
Unknown command.
You are too injured to fight recklessly!
You barely miss the ice devil.
The ice devil is lightly wounded.
The ice devil hits you!
* * * LOW HITPOINT WARNING * * *
The ice devil freezes you!
You feel as though you will be slow longer.
You die...

Skill      XL: |  1  2  3  4 |
---------------+-------------+-----
Unarmed Combat | 4 6 |  6.2
Fighting       | |  3.2
Dodging        | |  2.1

Action                     |  1- 3 |  4- 6 || total
---------------------------+-------+-------++-------
  Melee: Unarmed           |   148 |   110 ||   258
         Tailslap          |    16 |    14 ||    30
         Punch             |     4 |       ||     4
    Use: Scroll            |     1 |     8 ||     9
         Potion            |       |     2 ||     2
   Stab: Sleeping          |     2 |     3 ||     5
 Armour: Skin              |    67 |    47 ||   114
  Dodge: Dodged            |    93 |    68 ||   161

Levels and vault maps discovered:
D:1:      beargit_arrival_greenhouse, layout_loops_ring,
          hellmonk_ecumenical_altar_heavens_door
D:2:      wad_crossroads, layout_loops_ring, chequers_serial_rivers_micro_b
D:3:      layout_loops_ring, zin_angel, serial_shops,
          nicolae_shop_temple_entry_statues_fountains, shop,
          nicolae_shop_rolling_square
D:4:      layout_gridville, uniq_grinder

Notes
Turn   | Place    | Note
-------+----------+-------------------------------------------
     0 | D:1      | demibob the Draconian Chaos Knight began the quest for the
                  | Orb.
     0 | D:1      | Reached XP level 1. HP: 19/19 MP: 1/1
    19 | D:1      | XOM: silly message
   100 | D:1      | XOM: cast spell 'Summon Ice Beast'
   104 | D:1      | Reached XP level 2. HP: 26/26 MP: 2/2
   201 | D:1      | Found a faded altar of an unknown god.
   206 | D:1      | Reached skill level 4 in Unarmed Combat
   319 | D:1      | Reached XP level 3. HP: 31/31 MP: 3/3
   327 | D:1      | XOM: noise
   359 | D:1      | XOM: silly message
   634 | D:1      | XOM: stat loss: -1 Dex (9/10)
   675 | D:1      | XOM: silly message
  1340 | D:2      | XOM: silly message
  1345 | D:2      | Reached XP level 4. HP: 32/38 MP: 4/4
  1426 | D:2      | Reached skill level 5 in Unarmed Combat
  1475 | D:2      | XOM: silly message
  1713 | D:3      | Found Soesur's Weapon Emporium.
  1725 | D:3      | Found Tontalon's Distillery.
  1726 | D:3      | Found Xirchujou's Antique Weapon Emporium.
  1752 | D:3      | Bought a potion of might for 44 gold pieces
  1752 | D:3      | Bought a potion of berserk rage for 55 gold pieces
  1843 | D:3      | Found a glowing silver altar of Zin.
  1843 | D:3      | Noticed an angel
  1877 | D:3      | XOM: 9-stop teleportation journey
  2060 | D:3      | XOM is BORED!
  2060 | D:3      | XOM: give mutations
  2060 | D:3      | Gained mutation: You are vulnerable to heat. (rF-) [Xom's
                  | mischief]
  2060 | D:3      | Gained mutation: You are weak. (Str -2) [Xom's mischief]
  2095 | D:3      | XOM: noise
  2362 | D:4      | Noticed Grinder
  2375 | D:4      | XOM: 1-stop teleportation journey
  2409 | D:4      | XOM: confusion
  2409 | D:4      | Paralysed by Grinder for 3 turns
  2411 | D:4      | XOM: summons 3 hostile demons
  2412 | D:4      | Noticed a rust devil
  2412 | D:4      | Noticed an ice devil
  2419 | D:4      | Noticed a scorpion
  2425 | D:4      | XOM: summons 3 hostile demons
  2426 | D:4      | Noticed an ice devil
  2431 | D:4      | Killed a scorpion
  2432 | D:4      | Reached skill level 6 in Unarmed Combat
  2432 | D:4      | Reached XP level 5. HP: 45/45 MP: 5/5
  2433 | D:4      | Mangled by an ice devil

Vanquished Creatures
  A scorpion (D:4)
  4 adders
  2 worms
  A dart slug (D:1)
  An orc (D:4)
  6 ball pythons
  4 bats (D:1)
  8 endoplasms
  A giant cockroach (D:1)
  9 goblins
  4 hobgoblins
  8 jackals
  8 kobolds
  3 quokkas
  4 frilled lizards
  6 rats
70 creatures vanquished.

Vanquished Creatures (collateral kills)
  A gnoll (D:1)
1 creature vanquished.

Grand Total: 71 creatures vanquished

Table legend: (Time is in decaauts)
 A = Elapsed time spent in this place.
 B = Non-inter-level travel time spent in this place.
 C = Inter-level travel time spent in this place.
 D = Time resting spent in this place.
 E = Time spent auto-exploring this place.
 F = Levels seen in this place.
 G = Mean time per level.
                   A        B        C        D        E       F      G
               +--------+--------+--------+--------+--------+-----+--------+
         Total |   2410 |   2345 |     65 |      9 |   1829 |   4 |  602.5 |
       Dungeon |   2410 |   2345 |     65 |      9 |   1829 |   4 |  602.5 |
               +--------+--------+--------+--------+--------+-----+--------+

Top non-repeatable levels by time:
     D:2: 911 daAuts
     D:1: 675 daAuts
     D:3: 564 daAuts
     D:4: 259 daAuts

Table legend:
 A = Non-vault XP
 B = Vault XP
 C = Vault XP percentage of total XP
 D = Non-vault monster count
 E = Vault monster count
 F = Vault count percentage of total count
                 A         B        C        D         E       F
            +---------+---------+-------+---------+---------+-------
      Total |     252 |      17 |   6.3 |      67 |       4 |   5.6
            +---------+---------+-------+---------+---------+-------
        D:1 |      61 |       0 |   0.0 |      26 |       0 |   0.0
        D:2 |      34 |      17 |  33.3 |      17 |       4 |  19.0
        D:3 |      45 |       0 |   0.0 |      18 |       0 |   0.0
        D:4 |     112 |       0 |   0.0 |       6 |       0 |   0.0
            +---------+---------+-------+---------+---------+-------
